| TOP OF THE 1ST |
|
Detroit (APP) Tigers batting - Pitching for Orem Owlz : LHP Tanner Scarlett
|
|
Pitching: LHP Tanner Scarlett
|
|
|
Batting: RHB Alex Duarte
|
0-0: Ball 1-0: Ball 2-0: Foul Ball, location: 2F 2-1: Ball 3-1: Foul Ball, location: 2F 3-2: Foul Ball, location: 2F 3-2: Foul Ball, location: 2F 3-2: Base on Balls
|
|
Batting: RHB Kevin Steed
|
0-0: Foul Ball, location: 2F 0-1: SINGLE (Groundball, 34D, EV 99.4 MPH) Alex Duarte to second Runner from 2nd tries for 3rd, SAFE, no throw by RF
|
|
Batting: RHB Nate Dabney
|
0-0: Ball 1-0: Foul Ball, location: 2F 1-1: Foul Ball, location: 2F 1-2: Fly out, F9 (Flyball, 89S, EV 90.0 MPH)
|
|
Batting: RHB Jamie Villagrana
|
0-0: Ball 1-0: Called Strike 1-1: Fly out, F8 (Flyball, 8RD, EV 92.5 MPH) Runner from 3rd tags up, SCORES, throw by CF
|
|
Batting: RHB Khalil Coleman
|
0-0: Ball 1-0: SINGLE (Groundball, 5D, EV 101.9 MPH) Kevin Steed to second
|
|
Batting: LHB Glen Boyle
|
0-0: Called Strike 0-1: Ball 1-1: Ground out 1-3 (Groundball, 13S, EV 63.1 MPH)
|
| Top of the 1st over - 1 run, 2 hits, 0 errors, 2 left on base; Detroit (APP) 1 - Orem 0 |
| BOTTOM OF THE 1ST |
|
Orem Owlz batting - Pitching for Detroit (APP) Tigers : RHP Edwin Soto
|
|
Pitching: RHP Edwin Soto
|
|
|
Batting: RHB Brian Spry
|
0-0: Ball 1-0: Swinging Strike 1-1: Ball 2-1: SINGLE (Line Drive, 8RS, EV 90.6 MPH)
|
|
Batting: RHB Daniel Molina
|
0-0: Ball 1-0: Ball 2-0: Called Strike 2-1: Swinging Strike 2-2: Ball 3-2: DOUBLE (Flyball, 89D, EV 99.4 MPH) Brian Spry to third
|
|
Batting: SHB Manuel Martinez
|
0-0: Ball 1-0: Ball 2-0: Called Strike 2-1: 3-RUN HOME RUN (Flyball, 9LD, EV 95.0 MPH), Distance : 338 ft
|
|
Batting: LHB David Coatney
|
0-0: Ball 1-0: Ball 2-0: Called Strike 2-1: Called Strike 2-2: Ground out 6-3 (Groundball, 6MS, EV 85.6 MPH)
|
|
Batting: RHB Fred Saxton
|
0-0: SINGLE (Line Drive, 78S, EV 89.4 MPH)
|
|
Batting: LHB Kevin Feldman
|
0-0: Ball 1-0: Called Strike 1-1: Called Strike Fred Saxton steals 2nd base (no throw) 1-2: Fly out, F8 (Flyball, 78XD, EV 105.6 MPH)
|
|
Batting: RHB Jesse Sargent
|
0-0: Called Strike 0-1: Ball 1-1: Called Strike 1-2: SINGLE (Groundball, 56, EV 100.0 MPH) Fred Saxton to third Runner from 3rd tries for Home, throw by LF and OUT! 7-2
|
| Bottom of the 1st over - 3 runs, 5 hits, 0 errors, 1 left on base; Detroit (APP) 1 - Orem 3 |
| TOP OF THE 2ND |
|
Detroit (APP) Tigers batting - Pitching for Orem Owlz : LHP Tanner Scarlett
|
|
Batting: RHB Cody Kafer
|
0-0: DOUBLE (Line Drive, 9LD, EV 102.5 MPH)
|
|
Batting: RHB John Barton
|
0-0: Foul Ball, location: 2F 0-1: Swinging Strike 0-2: Ground out 6-3 (Groundball, 6, EV 84.4 MPH)
|
|
Batting: RHB Rick Brinkmann
|
0-0: Swinging Strike 0-1: SINGLE (Line Drive, 7S, EV 106.9 MPH) Cody Kafer to third
|
|
Batting: RHB Alex Duarte
|
0-0: Foul Ball, location: 2F 0-1: Ball 1-1: Ball 2-1: Called Strike 2-2: Ball 3-2: Foul Ball, location: 2F 3-2: Base on Balls Rick Brinkmann to second
|
|
Batting: RHB Kevin Steed
|
0-0: Ball 1-0: Called Strike 1-1: Ball 2-1: Ball 3-1: Base on Balls Cody Kafer scores Rick Brinkmann to third Alex Duarte to second
|
|
Batting: RHB Nate Dabney
|
0-0: Ball 1-0: Called Strike 1-1: Ball 2-1: Ball 3-1: Fly out, F9 (Flyball, 9, EV 81.9 MPH)
|
|
Batting: RHB Jamie Villagrana
|
0-0: Ball 1-0: Called Strike 1-1: Foul Ball, location: 2F 1-2: Ball 2-2: Ball 3-2: Foul Ball, location: 2F 3-2: Ground out 6-3 (Groundball, 6, EV 97.5 MPH)
|
| Top of the 2nd over - 1 run, 2 hits, 0 errors, 3 left on base; Detroit (APP) 2 - Orem 3 |
| BOTTOM OF THE 2ND |
|
Orem Owlz batting - Pitching for Detroit (APP) Tigers : RHP Edwin Soto
|
|
Batting: RHB Fernando Sosa
|
0-0: Ball 1-0: Foul Ball, location: 2F 1-1: Foul Ball, location: 2F 1-2: Foul Ball, location: 2F 1-2: Ball 2-2: Ball 3-2: Foul Ball, location: 2F 3-2: Strikes out looking
|
|
Batting: RHB Carlos Gonzales
|
0-0: Ball 1-0: Ball 2-0: Ground out U3 (Groundball, 3, EV 90.0 MPH)
|
|
Batting: RHB Brian Spry
|
0-0: Called Strike 0-1: Swinging Strike 0-2: Strikes out looking
|
| Bottom of the 2nd over - 0 runs, 0 hits, 0 errors, 0 left on base; Detroit (APP) 2 - Orem 3 |
| TOP OF THE 3RD |
|
Detroit (APP) Tigers batting - Pitching for Orem Owlz : LHP Tanner Scarlett
|
|
Batting: RHB Khalil Coleman
|
0-0: Ball 1-0: Ball 2-0: Ball 3-0: Called Strike 3-1: Base on Balls
|
|
Batting: LHB Glen Boyle
|
0-0: Ball 1-0: Ball 2-0: Called Strike 2-1: Ball 3-1: DOUBLE (Groundball, 3L, EV 100.6 MPH) Khalil Coleman to third
|
|
Batting: RHB Cody Kafer
|
0-0: Called Strike 0-1: Ball 1-1: Ball 2-1: DOUBLE (Line Drive, 9LS, EV 94.4 MPH) Khalil Coleman scores Glen Boyle scores
|
|
Batting: RHB John Barton
|
0-0: SINGLE (Groundball, 15S, EV 69.4 MPH) (infield hit) Cody Kafer to third
|
|
Batting: RHB Rick Brinkmann
|
0-0: Fielders Choice at 2nd, 4-6 (Groundball, 4, EV 88.1 MPH) Cody Kafer scores
|
|
Batting: RHB Alex Duarte
|
0-0: Swinging Strike 0-1: Ball 1-1: Foul Ball, location: 2F 1-2: Strikes out swinging
|
|
Batting: RHB Kevin Steed
|
0-0: Ball 1-0: SINGLE (Groundball, 6D, EV 98.8 MPH) Rick Brinkmann to second
|
|
Batting: RHB Nate Dabney
|
0-0: Ball 1-0: Ball 2-0: Ball 3-0: Called Strike 3-1: Base on Balls Rick Brinkmann to third Kevin Steed to second
|
|
Batting: RHB Jamie Villagrana
|
0-0: Ball 1-0: Called Strike 1-1: Swinging Strike 1-2: Strikes out swinging
|
| Top of the 3rd over - 3 runs, 4 hits, 0 errors, 3 left on base; Detroit (APP) 5 - Orem 3 |
| BOTTOM OF THE 3RD |
|
Orem Owlz batting - Pitching for Detroit (APP) Tigers : RHP Edwin Soto
|
|
Batting: RHB Daniel Molina
|
0-0: Called Strike 0-1: Ball 1-1: SOLO HOME RUN (Flyball, 78XD, EV 105.6 MPH), Distance : 416 ft
|
|
Batting: SHB Manuel Martinez
|
0-0: Ball 1-0: Ball 2-0: Ball 3-0: Base on Balls
|
|
Batting: LHB David Coatney
|
0-0: Ball 1-0: Called Strike Manuel Martinez steals 2nd base 1-1: Swinging Strike 1-2: Strikes out swinging
|
|
Batting: RHB Fred Saxton
|
0-0: Ball 1-0: Called Strike 1-1: Swinging Strike 1-2: Strikes out swinging
|
|
Batting: LHB Kevin Feldman
|
0-0: Ball 1-0: Ball 2-0: Called Strike 2-1: Ground out 6-3 (Groundball, 6, EV 103.1 MPH)
|
| Bottom of the 3rd over - 1 run, 1 hit, 0 errors, 1 left on base; Detroit (APP) 5 - Orem 4 |
| TOP OF THE 4TH |
|
Detroit (APP) Tigers batting - Pitching for Orem Owlz : LHP Tanner Scarlett
|
|
Batting: RHB Khalil Coleman
|
0-0: Ball 1-0: Foul Ball, location: 2F 1-1: Foul Ball, location: 2F 1-2: Ball 2-2: Foul Ball, location: 2F 2-2: SOLO HOME RUN (Flyball, 78XD, EV 103.8 MPH), Distance : 424 ft
|
|
Pitching: LHP Yee Koh
|
|
|
Batting: LHB Glen Boyle
|
0-0: Called Strike 0-1: Ball 1-1: Fly out, F8 (Flyball, 78M, EV 96.2 MPH)
|
|
Batting: RHB Cody Kafer
|
0-0: Ball 1-0: Fly out, F7 (Flyball, 7D, EV 89.4 MPH)
|
|
Batting: RHB John Barton
|
0-0: Ball 1-0: Foul Ball, location: 2F 1-1: Foul Ball, location: 2F 1-2: Foul Ball, location: 2F 1-2: Foul Ball, location: 2F 1-2: Strikes out swinging
|
| Top of the 4th over - 1 run, 1 hit, 0 errors, 0 left on base; Detroit (APP) 6 - Orem 4 |
| BOTTOM OF THE 4TH |
|
Orem Owlz batting - Pitching for Detroit (APP) Tigers : RHP Edwin Soto
|
|
Batting: RHB Jesse Sargent
|
0-0: Called Strike 0-1: Fly out, F8 (Flyball, 78M, EV 88.8 MPH)
|
|
Batting: RHB Fernando Sosa
|
0-0: Fly out, F8 (Flyball, 8LD, EV 105.0 MPH)
|
|
Batting: RHB Carlos Gonzales
|
0-0: Foul Ball, location: 2F 0-1: Foul Ball, location: 2F 0-2: Ball 1-2: Ball 2-2: Foul Ball, location: 2F 2-2: Foul Ball, location: 2F 2-2: Reached on error, E1 (Groundball, 15S, EV 71.9 MPH)
|
|
Batting: RHB Brian Spry
|
0-0: Ball Carlos Gonzales is caught stealing 2nd base 2-4
|
| Bottom of the 4th over - 0 runs, 0 hits, 1 error, 0 left on base; Detroit (APP) 6 - Orem 4 |
| TOP OF THE 5TH |
|
Detroit (APP) Tigers batting - Pitching for Orem Owlz : LHP Yee Koh
|
|
Batting: RHB Rick Brinkmann
|
0-0: Swinging Strike 0-1: Swinging Strike 0-2: Strikes out swinging
|
|
Batting: RHB Alex Duarte
|
0-0: Called Strike 0-1: Called Strike 0-2: Foul Ball, location: 2F 0-2: Ball 1-2: Ground out 4-3 (Groundball, 4, EV 99.4 MPH)
|
|
Batting: RHB Kevin Steed
|
0-0: Ball 1-0: Ball 2-0: Called Strike 2-1: Ground out 4-3 (Groundball, 4S, EV 66.2 MPH)
|
| Top of the 5th over - 0 runs, 0 hits, 0 errors, 0 left on base; Detroit (APP) 6 - Orem 4 |
| BOTTOM OF THE 5TH |
|
Orem Owlz batting - Pitching for Detroit (APP) Tigers : RHP Edwin Soto
|
|
Batting: RHB Brian Spry
|
0-0: Called Strike 0-1: Ball 1-1: Foul Ball, location: 2F 1-2: Foul Ball, location: 2F 1-2: Ball 2-2: DOUBLE (Line Drive, 89D, EV 104.4 MPH)
|
|
Batting: RHB Daniel Molina
|
0-0: Called Strike 0-1: Ground out 1-3 (Groundball, 13, EV 69.4 MPH) Brian Spry to third
|
|
Pitching: RHP Alvaro Patino
|
|
|
Batting: SHB Manuel Martinez
|
0-0: Called Strike 0-1: Swinging Strike 0-2: Strikes out swinging
|
|
Batting: LHB David Coatney
|
0-0: Ball 1-0: Ball 2-0: Called Strike 2-1: Ball 3-1: Base on Balls
|
|
Batting: RHB Fred Saxton
|
0-0: Ball Wild Pitch! Brian Spry scores David Coatney to second 1-0: Called Strike 1-1: Called Strike 1-2: Ball 2-2: Strikes out swinging
|
| Bottom of the 5th over - 1 run, 1 hit, 0 errors, 1 left on base; Detroit (APP) 6 - Orem 5 |
| TOP OF THE 6TH |
|
Detroit (APP) Tigers batting - Pitching for Orem Owlz : LHP Yee Koh
|
|
Batting: RHB Nate Dabney
|
0-0: Called Strike 0-1: Called Strike 0-2: Ball 1-2: Strikes out swinging
|
|
Batting: RHB Jamie Villagrana
|
0-0: Called Strike 0-1: Ball 1-1: Foul Ball, location: 2F 1-2: Strikes out swinging
|
|
Batting: RHB Khalil Coleman
|
0-0: Ball 1-0: Ball 2-0: Ball 3-0: Called Strike 3-1: Called Strike 3-2: Foul Ball, location: 2F 3-2: Foul Ball, location: 2F 3-2: Base on Balls
|
|
Pitching: RHP Arnold Frye
|
|
|
Batting: LHB Glen Boyle
|
0-0: Ground out 4-3 (Groundball, 4D, EV 78.8 MPH)
|
| Top of the 6th over - 0 runs, 0 hits, 0 errors, 1 left on base; Detroit (APP) 6 - Orem 5 |
| BOTTOM OF THE 6TH |
|
Orem Owlz batting - Pitching for Detroit (APP) Tigers : RHP Alvaro Patino
|
|
Batting: LHB Kevin Feldman
|
0-0: Called Strike 0-1: Called Strike 0-2: Foul Ball, location: 2F 0-2: Ball 1-2: DOUBLE (Line Drive, 78XD, EV 100.6 MPH)
|
|
Batting: RHB Jesse Sargent
|
0-0: Foul Ball, location: 2F 0-1: Ball 1-1: Ball 2-1: Foul Ball, location: 2F 2-2: Foul Ball, location: 2F 2-2: Ball 3-2: SINGLE (Groundball, 56, EV 105.6 MPH) Kevin Feldman to third Runner from 3rd tries for Home, SAFE, throw by LF to home
|
|
Pitching: RHP Marshall Laurence
|
|
|
Pinch Hitting: SHB Cesar Carrasquillo
|
0-0: Ball 1-0: Foul Ball, location: 2F 1-1: Foul Ball, location: 2F 1-2: Ball 2-2: Foul Ball, location: 2F 2-2: Strikes out swinging
|
|
Pinch Hitting: RHB Shawn Jansen
|
0-0: Called Strike 0-1: Ball Passed Ball! Jesse Sargent to second 1-1: Ball 2-1: Foul Ball, location: 2F 2-2: Foul Ball, location: 2F 2-2: Strikes out swinging
|
|
Batting: RHB Brian Spry
|
0-0: Ball 1-0: Ball 2-0: Foul Ball, location: 2F 2-1: Called Strike 2-2: Single, Error in OF, E8, batter to second base (Groundball, 6MD, EV 93.8 MPH) Jesse Sargent scores
|
|
Batting: RHB Daniel Molina
|
0-0: Ball 1-0: Ball 2-0: Swinging Strike 2-1: Foul Ball, location: 2F 2-2: Foul Ball, location: 2F 2-2: Ball 3-2: Foul Ball, location: 2F 3-2: Foul Ball, location: 2F 3-2: Ground out 6-3 (Groundball, 56, EV 81.9 MPH)
|
| Bottom of the 6th over - 2 runs, 3 hits, 1 error, 1 left on base; Detroit (APP) 6 - Orem 7 |
| TOP OF THE 7TH |
|
Detroit (APP) Tigers batting - Pitching for Orem Owlz : RHP Arnold Frye
|
|
Now at 2B: Brendan Garoutte
|
|
|
Now at SS: Fred Saxton
|
|
|
Now in CF: Steve Neely
|
|
|
Batting: RHB Cody Kafer
|
0-0: Ground out 6-3 (Groundball, 6, EV 88.1 MPH)
|
|
Batting: RHB John Barton
|
0-0: Called Strike 0-1: Ball 1-1: TRIPLE (Line Drive, 89XD, EV 108.8 MPH)
|
|
Pinch Hitting: LHB Brad Gaskill
|
0-0: Ball 1-0: Called Strike 1-1: Ball 2-1: Ball 3-1: Base on Balls
|
|
Pinch Hitting: SHB Eisse Wijnja
|
0-0: Ball 1-0: Ball 2-0: Ball 3-0: Called Strike 3-1: Base on Balls Brad Gaskill to second
|
|
Batting: RHB Kevin Steed
|
0-0: Foul Ball, location: 2F 0-1: Foul Ball, location: 2F 0-2: Ball 1-2: Ball 2-2: Fly out, F8 (Flyball, 8RXD, EV 97.5 MPH) Runner from 3rd tags up, SCORES, no throw by CF
|
|
Batting: RHB Nate Dabney
|
0-0: Ball 1-0: Ball 2-0: Called Strike 2-1: Ball 3-1: Base on Balls Brad Gaskill to third Eisse Wijnja to second
|
|
Batting: RHB Jamie Villagrana
|
0-0: Foul Ball, location: 2F 0-1: Foul Ball, location: 2F 0-2: Foul Ball, location: 2F 0-2: Ground out 3-1 (Groundball, 34, EV 98.8 MPH)
|
| Top of the 7th over - 1 run, 1 hit, 0 errors, 3 left on base; Detroit (APP) 7 - Orem 7 |
| BOTTOM OF THE 7TH |
|
Orem Owlz batting - Pitching for Detroit (APP) Tigers : RHP Marshall Laurence
|
|
Now at 1B: Tony Murray
|
|
|
Now at 3B: Peter Jones
|
|
|
Batting: SHB Manuel Martinez
|
0-0: SINGLE (Line Drive, 34D, EV 104.4 MPH)
|
|
Batting: LHB David Coatney
|
0-0: Ball 1-0: Foul Ball, location: 2F 1-1: Swinging Strike 1-2: Strikes out swinging
|
|
Pitching: RHP Nick Brooks
|
|
|
Batting: RHB Fred Saxton
|
0-0: Fly out, F8 (Flyball, 8RM, EV 84.4 MPH)
|
|
Batting: LHB Kevin Feldman
|
0-0: Ball Manuel Martinez steals 2nd base 1-0: Foul Ball, location: 2F 1-1: Swinging Strike 1-2: Ball Wild Pitch! Manuel Martinez to third 2-2: Ball 3-2: Foul Ball, location: 2F 3-2: Foul Ball, location: 2F 3-2: Foul Ball, location: 2F 3-2: Strikes out looking
|
| Bottom of the 7th over - 0 runs, 1 hit, 0 errors, 1 left on base; Detroit (APP) 7 - Orem 7 |
| TOP OF THE 8TH |
|
Detroit (APP) Tigers batting - Pitching for Orem Owlz : RHP Arnold Frye
|
|
Batting: RHB Khalil Coleman
|
0-0: Ball 1-0: Ball 2-0: Ground out 4-3 (Groundball, 4, EV 105.6 MPH)
|
|
Batting: LHB Glen Boyle
|
0-0: Called Strike 0-1: Swinging Strike 0-2: Foul Ball, location: 2F 0-2: Strikes out swinging
|
|
Pitching: RHP Michael Coleman
|
|
|
Batting: RHB Cody Kafer
|
0-0: Ball 1-0: Fly out, F8 (Flyball, 8LD, EV 103.1 MPH)
|
| Top of the 8th over - 0 runs, 0 hits, 0 errors, 0 left on base; Detroit (APP) 7 - Orem 7 |
| BOTTOM OF THE 8TH |
|
Orem Owlz batting - Pitching for Detroit (APP) Tigers : RHP Nick Brooks
|
|
Batting: RHB Jesse Sargent
|
0-0: Ground out 4-3 (Groundball, 4MD, EV 101.9 MPH)
|
|
Batting: RHB Brendan Garoutte
|
0-0: Ground out 4-3 (Groundball, 4, EV 108.1 MPH)
|
|
Batting: RHB Steve Neely
|
0-0: Called Strike 0-1: Foul Ball, location: 2F 0-2: Strikes out swinging
|
| Bottom of the 8th over - 0 runs, 0 hits, 0 errors, 0 left on base; Detroit (APP) 7 - Orem 7 |
| TOP OF THE 9TH |
|
Detroit (APP) Tigers batting - Pitching for Orem Owlz : RHP Michael Coleman
|
|
Batting: RHB John Barton
|
0-0: Called Strike 0-1: Ball 1-1: Ball 2-1: Ground out 6-3 (Groundball, 6, EV 95.0 MPH)
|
|
Batting: RHB Tony Murray
|
0-0: Ball 1-0: Called Strike 1-1: Ball 2-1: Swinging Strike 2-2: Strikes out swinging
|
|
Batting: RHB Peter Jones
|
0-0: Ball 1-0: Called Strike 1-1: Foul Ball, location: 2RF, Error on foul ball, E2 1-2: Ball 2-2: Foul Ball, location: 2F 2-2: Ball 3-2: Strikes out swinging
|
| Top of the 9th over - 0 runs, 0 hits, 1 error, 0 left on base; Detroit (APP) 7 - Orem 7 |
| BOTTOM OF THE 9TH |
|
Orem Owlz batting - Pitching for Detroit (APP) Tigers : RHP Nick Brooks
|
|
Batting: RHB Brian Spry
|
0-0: Ball 1-0: Ball 2-0: Swinging Strike 2-1: Ball 3-1: Base on Balls
|
|
Batting: RHB Daniel Molina
|
0-0: Ball 1-0: SINGLE (Groundball, 34D, EV 94.4 MPH) Brian Spry to second Runner from 2nd tries for 3rd, SAFE, no throw by RF
|
|
Pitching: RHP David Kalinsky
|
|
|
Batting: SHB Manuel Martinez
|
0-0: Ball Wild Pitch! Brian Spry scores
|
| Bottom of the 9th over - 1 run, 1 hit, 0 errors, 1 left on base; Detroit (APP) 7 - Orem 8 |
|